3AAA
NASHVILLE HOT CHICKENS @ SANTA BARBARA GOLDEN CRANES
07/04/2054
 
TOP OF THE 1ST
Nashville Hot Chickens batting - Pitching for Santa Barbara Golden Cranes : RHP Gelana Maitho
Pitching: RHP Gelana Maitho
Batting: RHB Ryan O'Callahan 0-0: Ball
1-0: Fly out, F8 (Flyball, 8LS, EV 73.1 MPH)
Batting: SHB Michael Wright 0-0: Ball
1-0: Called Strike
1-1: Called Strike
1-2: Ground out 4-3 (Groundball, 4M, EV 104.4 MPH)
Batting: SHB Waylon Meade 0-0: Foul Ball, location: 2F
0-1: Ball
1-1: Ball
2-1: Foul Ball, location: 2F
2-2: DOUBLE (Line Drive, 8LXD, EV 101.9 MPH)
Batting: LHB Jason Melton 0-0: Ball
1-0: Called Strike
1-1: Ball
2-1: Foul Ball, location: 2F
2-2: Ground out 6-3 (Groundball, 6, EV 86.9 MPH)
Top of the 1st over - 0 runs, 1 hit, 0 errors, 1 left on base; Nashville 0 - Santa Barbara 0
BOTTOM OF THE 1ST
Santa Barbara Golden Cranes batting - Pitching for Nashville Hot Chickens : RHP Edmund Rochefort
Pitching: RHP Edmund Rochefort
Batting: LHB Wang Tsui 0-0: Called Strike
0-1: Foul Ball, location: 2F
0-2: Ball
1-2: Foul Ball, location: 2F
1-2: Ball
2-2: Strikes out swinging
Batting: LHB Buddy Gordon 0-0: Fly out, F8 (Flyball, 8LXD, EV 98.8 MPH)
Batting: LHB José Organito 0-0: Called Strike
0-1: Foul Ball, location: 2F
0-2: Strikes out looking
Bottom of the 1st over - 0 runs, 0 hits, 0 errors, 0 left on base; Nashville 0 - Santa Barbara 0
TOP OF THE 2ND
Nashville Hot Chickens batting - Pitching for Santa Barbara Golden Cranes : RHP Gelana Maitho
Batting: LHB Tadasu Ogasahara 0-0: Called Strike
0-1: Ball
1-1: Ball
2-1: Foul Ball, location: 2F
2-2: Ground out 4-3 (Groundball, 4, EV 83.1 MPH)
Batting: RHB Arturo Medina 0-0: Swinging Strike
0-1: Ball
1-1: Foul Ball, location: 2F
1-2: Ball
2-2: Ball
3-2: SINGLE (Groundball, 4M, EV 103.1 MPH) (infield hit)
Batting: SHB Leonard Allen 0-0: Swinging Strike
0-1: Ball
1-1: SINGLE (Line Drive, 89S, EV 90.6 MPH)
Arturo Medina to second
Batting: RHB Stephen Clifton 0-0: Ball
1-0: Reached on error, E7 (Line Drive, 7, EV 98.1 MPH)
Arturo Medina scores
Leonard Allen to third
Batting: LHB Yoshitaka Ogasahara 0-0: Called Strike
0-1: Foul Ball, location: 2F
0-2: Ball
1-2: Strikes out swinging
Batting: RHB Ryan O'Callahan 0-0: Ball
1-0: Foul Ball, location: 2F
1-1: Ball
2-1: Ground out 6-3 (Groundball, 6MD, EV 95.6 MPH)
Top of the 2nd over - 1 run, 2 hits, 1 error, 2 left on base; Nashville 1 - Santa Barbara 0
BOTTOM OF THE 2ND
Santa Barbara Golden Cranes batting - Pitching for Nashville Hot Chickens : RHP Edmund Rochefort
Batting: SHB Bradley Whaley 0-0: Called Strike
0-1: Ball
1-1: Ball
2-1: Ball
3-1: Base on Balls
Batting: LHB Gabriel Quintana 0-0: Ball
Wild Pitch!
Bradley Whaley to second
1-0: Ball
2-0: Called Strike
2-1: Foul Ball, location: 2F
2-2: Ball
3-2: Base on Balls
Batting: RHB Pablo Olartecoechea 0-0: Ball
1-0: Fly out, F8 (Flyball, 8RXD, EV 95.0 MPH)
Runner from 2nd tags up, SAFE at 3rd, no throw by CF
Batting: RHB Jeff Austin 0-0: Called Strike
0-1: Ball
1-1: Swinging Strike
1-2: Reaches on Catchers interference
Gabriel Quintana to second
Batting: RHB Luis Martínez 0-0: Called Strike
0-1: SINGLE (Groundball, 56D, EV 110.0 MPH)
Bradley Whaley scores
Gabriel Quintana to third
Jeff Austin to second
Batting: RHB Heng-zong Fen 0-0: Called Strike
0-1: Foul Ball, location: 2F
0-2: Foul Ball, location: 2F
0-2: Foul Ball, location: 2F
0-2: Ball
1-2: Grounds into double play, 3-6-1 (Groundball, 34, EV 81.9 MPH)
Bottom of the 2nd over - 1 run, 1 hit, 1 error, 2 left on base; Nashville 1 - Santa Barbara 1
TOP OF THE 3RD
Nashville Hot Chickens batting - Pitching for Santa Barbara Golden Cranes : RHP Gelana Maitho
Batting: SHB Michael Wright 0-0: Ball
1-0: Ball
2-0: Ball
3-0: Called Strike
3-1: Fly out, F6 (Popup, 56, EV 57.5 MPH)
Batting: SHB Waylon Meade 0-0: SINGLE (Line Drive, 6D, EV 95.6 MPH)
Batting: LHB Jason Melton 0-0: Ball
1-0: Called Strike
1-1: Swinging Strike
1-2: Strikes out swinging
Batting: LHB Tadasu Ogasahara Pickoff Throw to First - Out! 1-3
Top of the 3rd over - 0 runs, 1 hit, 0 errors, 0 left on base; Nashville 1 - Santa Barbara 1
BOTTOM OF THE 3RD
Santa Barbara Golden Cranes batting - Pitching for Nashville Hot Chickens : RHP Edmund Rochefort
Batting: LHB Wang Tsui 0-0: Ball
1-0: Ball
2-0: Ball
3-0: Called Strike
3-1: Ground out U3 (Groundball, 34, EV 82.5 MPH)
Batting: LHB Buddy Gordon 0-0: Called Strike
0-1: Foul Ball, location: 2F
0-2: Ball
1-2: Foul Ball, location: 2F
1-2: Ball
2-2: Ball
3-2: Ground out 4-3 (Groundball, 4D, EV 90.0 MPH)
Batting: LHB José Organito 0-0: Swinging Strike
0-1: Ball
1-1: Ball
2-1: Foul Ball, location: 2F
2-2: Ground out 3-1 (Groundball, 34S, EV 85.0 MPH)
Bottom of the 3rd over - 0 runs, 0 hits, 0 errors, 0 left on base; Nashville 1 - Santa Barbara 1
TOP OF THE 4TH
Nashville Hot Chickens batting - Pitching for Santa Barbara Golden Cranes : RHP Gelana Maitho
Batting: LHB Tadasu Ogasahara 0-0: Ball
1-0: Ball
2-0: Ball
3-0: Called Strike
3-1: Called Strike
3-2: Foul Ball, location: 2F
3-2: Ground out 3-1 (Groundball, 34, EV 88.1 MPH)
Batting: RHB Arturo Medina 0-0: Called Strike
0-1: Fly out, F7 (Flyball, 78D, EV 103.8 MPH)
Batting: SHB Leonard Allen 0-0: Ball
1-0: Ball
2-0: Called Strike
2-1: Fly out, F7 (Flyball, 78M, EV 88.8 MPH)
Top of the 4th over - 0 runs, 0 hits, 0 errors, 0 left on base; Nashville 1 - Santa Barbara 1
BOTTOM OF THE 4TH
Santa Barbara Golden Cranes batting - Pitching for Nashville Hot Chickens : RHP Edmund Rochefort
Batting: SHB Bradley Whaley 0-0: Ground out 4-3 (Groundball, 4, EV 83.1 MPH)
Batting: LHB Gabriel Quintana 0-0: Called Strike
0-1: Ball
1-1: Ball
2-1: SINGLE (Line Drive, 4D, EV 100.6 MPH)
Batting: RHB Pablo Olartecoechea 0-0: Ball
1-0: Ball
2-0: Ball
3-0: Base on Balls
Gabriel Quintana to second
Batting: RHB Jeff Austin 0-0: Ball
1-0: Ball
2-0: Fly out, F9 (Line Drive, 9S, EV 96.9 MPH)
Batting: RHB Luis Martínez 0-0: Fly out, F9 (Flyball, 9S, EV 86.9 MPH)
Bottom of the 4th over - 0 runs, 1 hit, 0 errors, 2 left on base; Nashville 1 - Santa Barbara 1
TOP OF THE 5TH
Nashville Hot Chickens batting - Pitching for Santa Barbara Golden Cranes : RHP Gelana Maitho
Batting: RHB Stephen Clifton 0-0: Ground out 6-3 (Groundball, 6S, EV 86.2 MPH)
Batting: LHB Yoshitaka Ogasahara 0-0: Foul Ball, location: 2F
0-1: Foul Ball, location: 2F
0-2: Reached via error on a dropped throw from 1B, E1 (Groundball, 34, EV 84.4 MPH)
Batting: RHB Ryan O'Callahan 0-0: Ball
1-0: Called Strike
1-1: Foul Ball, location: 2F
1-2: Strikes out swinging
Batting: SHB Michael Wright 0-0: Ball
1-0: Ball
2-0: Foul Ball, location: 2F
2-1: Foul Ball, location: 2F
2-2: Ground out 1-3 (Groundball, 34S, EV 60.6 MPH)
Top of the 5th over - 0 runs, 0 hits, 1 error, 1 left on base; Nashville 1 - Santa Barbara 1
BOTTOM OF THE 5TH
Santa Barbara Golden Cranes batting - Pitching for Nashville Hot Chickens : RHP Edmund Rochefort
Batting: RHB Heng-zong Fen 0-0: Hit by Pitch
Batting: LHB Wang Tsui 0-0: Sac Bunt to 2L - play at first, batter OUT! 2-3
Heng-zong Fen to second
Batting: LHB Buddy Gordon 0-0: Ball
1-0: Called Strike
1-1: SINGLE (Groundball, 3D, EV 105.0 MPH)
Heng-zong Fen to third
Runner from 3rd tries for Home, SAFE, throw by RF to home
Buddy Gordon to second
Batting: LHB José Organito 0-0: Ball
1-0: Ball
2-0: Ball
3-0: Called Strike
3-1: Base on Balls
Pitching: RHP Melvin Walton
Batting: SHB Bradley Whaley 0-0: Foul Ball, location: 2F
0-1: Foul Ball, location: 2F
0-2: Ball
1-2: Ball
2-2: Ball
3-2: 3-RUN HOME RUN (Line Drive, 9D, EV 100.0 MPH), Distance : 383 ft
Batting: LHB Gabriel Quintana 0-0: Ball
1-0: Ball
2-0: Foul Ball, location: 2F
2-1: Fly out, F7 (Flyball, 78S, EV 80.6 MPH)
Batting: RHB Pablo Olartecoechea 0-0: Called Strike
0-1: Foul Ball, location: 2F
0-2: Fly out, F3 (Popup, 3S, EV 68.1 MPH)
Bottom of the 5th over - 4 runs, 2 hits, 0 errors, 0 left on base; Nashville 1 - Santa Barbara 5
TOP OF THE 6TH
Nashville Hot Chickens batting - Pitching for Santa Barbara Golden Cranes : RHP Gelana Maitho
Batting: SHB Waylon Meade 0-0: Called Strike
0-1: Ball
1-1: Swinging Strike
1-2: Ball
2-2: Strikes out swinging
Batting: LHB Jason Melton 0-0: Ball
1-0: Foul Ball, location: 2F
1-1: Ball
2-1: Called Strike
2-2: Ground out 5-3 (Groundball, 5, EV 97.5 MPH)
Batting: LHB Tadasu Ogasahara 0-0: Ball
1-0: Called Strike
1-1: Swinging Strike
1-2: Strikes out swinging
Top of the 6th over - 0 runs, 0 hits, 0 errors, 0 left on base; Nashville 1 - Santa Barbara 5
BOTTOM OF THE 6TH
Santa Barbara Golden Cranes batting - Pitching for Nashville Hot Chickens : RHP Melvin Walton
Batting: RHB Jeff Austin 0-0: Ball
1-0: Ball
2-0: Called Strike
2-1: Ball
3-1: Base on Balls
Batting: RHB Luis Martínez 0-0: Foul Ball, location: 2F
0-1: Fly out, F7 (Flyball, 78S, EV 81.9 MPH)
Batting: RHB Heng-zong Fen 0-0: Ball
1-0: Ground out 5-3 (Groundball, 56S, EV 66.9 MPH)
Jeff Austin to second
Batting: LHB Wang Tsui 0-0: Ball
1-0: Ball
2-0: Called Strike
2-1: Foul Ball, location: 2F
2-2: SINGLE (Line Drive, 8LS, EV 111.9 MPH)
Jeff Austin to third
Batting: LHB Buddy Gordon 0-0: Ball
1-0: Ball
2-0: Ball
3-0: Called Strike
3-1: Foul Ball, location: 2F
3-2: Base on Balls
Wang Tsui to second
Batting: LHB José Organito 0-0: Ball
1-0: Swinging Strike
1-1: Foul Ball, location: 2F
1-2: Foul Ball, location: 2F
1-2: Ball
2-2: Fly out, F8 (Flyball, 8LD, EV 83.1 MPH)
Bottom of the 6th over - 0 runs, 1 hit, 0 errors, 3 left on base; Nashville 1 - Santa Barbara 5
TOP OF THE 7TH
Nashville Hot Chickens batting - Pitching for Santa Barbara Golden Cranes : RHP Gelana Maitho
Batting: RHB Arturo Medina 0-0: Ball
1-0: Ball
2-0: Called Strike
2-1: Foul Ball, location: 2F
2-2: Strikes out swinging
Batting: SHB Leonard Allen 0-0: Swinging Strike
0-1: Ball
1-1: Ball
2-1: Called Strike
2-2: Ball
3-2: Base on Balls
Pitching: RHP Li-zhi Lai
Batting: RHB Stephen Clifton 0-0: Ball
1-0: Ball
2-0: Called Strike
2-1: SINGLE (Line Drive, 3D, EV 97.5 MPH)
Leonard Allen to second
Batting: LHB Yoshitaka Ogasahara 0-0: Ball
1-0: Ball
2-0: Foul Ball, location: 2F
2-1: Foul Ball, location: 2F
2-2: Foul Ball, location: 2F
2-2: Strikes out swinging
Batting: RHB Ryan O'Callahan 0-0: Called Strike
0-1: Fielders Choice at 2nd, 6-4 (Groundball, 56, EV 95.6 MPH)
Top of the 7th over - 0 runs, 1 hit, 0 errors, 2 left on base; Nashville 1 - Santa Barbara 5
BOTTOM OF THE 7TH
Santa Barbara Golden Cranes batting - Pitching for Nashville Hot Chickens : RHP Melvin Walton
Batting: SHB Bradley Whaley 0-0: Called Strike
0-1: Swinging Strike
0-2: Fly out, F7 (Flyball, 7, EV 87.5 MPH)
Batting: LHB Gabriel Quintana 0-0: Called Strike
0-1: Foul Ball, location: 2F
0-2: Ball
1-2: Ball
2-2: Ground out 5-3 (Groundball, 25, EV 94.4 MPH)
Batting: RHB Pablo Olartecoechea 0-0: Ball
1-0: Ball
2-0: Ball
3-0: Base on Balls
Pitching: LHP Fred Hardy
Batting: RHB Jeff Austin 0-0: Ball
1-0: Foul Ball, location: 2F
1-1: SINGLE (Groundball, 4MD, EV 113.1 MPH)
Pablo Olartecoechea to second
Runner from 2nd tries for 3rd, SAFE, throw by CF made to third
Batting: RHB Luis Martínez 0-0: Ball
1-0: Fly out, F8 (Flyball, 78S, EV 87.5 MPH)
Bottom of the 7th over - 0 runs, 1 hit, 0 errors, 2 left on base; Nashville 1 - Santa Barbara 5
TOP OF THE 8TH
Nashville Hot Chickens batting - Pitching for Santa Barbara Golden Cranes : RHP Li-zhi Lai
Batting: SHB Michael Wright 0-0: Ball
1-0: Foul Ball, location: 2F
1-1: Ground out U3 (Groundball, 34S, EV 71.9 MPH)
Batting: SHB Waylon Meade 0-0: Foul Ball, location: 2F
0-1: Ball
1-1: Foul Ball, location: 2F
1-2: Foul Ball, location: 2F
1-2: Ball
2-2: SOLO HOME RUN (Flyball, 9D, EV 97.5 MPH), Distance : 355 ft
Batting: LHB Jason Melton 0-0: Swinging Strike
0-1: Called Strike
0-2: Strikes out swinging, 2-3 out at first.
Batting: LHB Tadasu Ogasahara 0-0: DOUBLE (Line Drive, 7LM, EV 103.1 MPH)
Batting: RHB Arturo Medina 0-0: Ball
1-0: Called Strike
1-1: Foul Ball, location: 2F
1-2: Strikes out swinging
Top of the 8th over - 1 run, 2 hits, 0 errors, 1 left on base; Nashville 2 - Santa Barbara 5
BOTTOM OF THE 8TH
Santa Barbara Golden Cranes batting - Pitching for Nashville Hot Chickens : LHP Fred Hardy
Batting: RHB Heng-zong Fen 0-0: Foul Ball, location: 2F
0-1: Ground out 6-3 (Groundball, 56, EV 83.8 MPH)
Batting: LHB Wang Tsui 0-0: Ball
1-0: Ball
2-0: Ball
3-0: Base on Balls
Batting: LHB Buddy Gordon 0-0: Called Strike
0-1: Ball
1-1: Foul Ball, location: 2F
1-2: Fly out, F8 (Flyball, 8LD, EV 102.5 MPH)
Batting: LHB José Organito 0-0: Called Strike
Wang Tsui steals 2nd, throwing error, E2
Wang Tsui to third
0-1: Ball
1-1: Ball
2-1: Ball
3-1: Fly out, F8 (Line Drive, 8LD, EV 105.6 MPH)
Bottom of the 8th over - 0 runs, 0 hits, 1 error, 1 left on base; Nashville 2 - Santa Barbara 5
TOP OF THE 9TH
Nashville Hot Chickens batting - Pitching for Santa Barbara Golden Cranes : RHP Li-zhi Lai
Pitching: LHP Bryan Griffin
Batting: SHB Leonard Allen 0-0: Ball
1-0: Foul Ball, location: 2F
1-1: Ball
2-1: Ball
3-1: Called Strike
3-2: Foul Ball, location: 2F
3-2: Ground out 6-3 (Groundball, 6, EV 85.0 MPH)
Batting: RHB Stephen Clifton 0-0: Ball
1-0: Ball
2-0: Swinging Strike
2-1: Foul Ball, location: 2F
2-2: Strikes out swinging
Pinch Hitting: RHB Will Roach 0-0: Called Strike
0-1: Ball
1-1: Swinging Strike
1-2: Foul Ball, location: 2F
1-2: Ground out 6-3 (Groundball, 6, EV 83.1 MPH)
Top of the 9th over - 0 runs, 0 hits, 0 errors, 0 left on base; Nashville 2 - Santa Barbara 5
Monday, April 1st , 2024 - OOTP Baseball 23.10 Build 110